 Dungeon Crawl Stone Soup version 0.32-a0-468-g38b2580584 (webtiles) character file.

Game seed: 919448633648914171

956 anacleto the Magician (level 7, -9/36 HPs)
             Began as a Deep Elf Earth Elementalist on Feb 24, 2024.
             Killed by nerve-wracking pain
             ... invoked by Menkaure
              (14 damage)
             ... on level 4 of the Dungeon.
             The game lasted 00:17:16 (4364 turns).

anacleto the Magician (Deep Elf Earth Elementalist) Turns: 4364, Time: 00:17:17

Health: -9/36      AC:  4    Str:  5    XL:     7   Next: 91%
Magic:  7/17       EV: 18    Int: 22    God:
Gold:   258        SH:  0    Dex: 15    Spells: 3/17 levels left

rFire   . . .        A - +0 hand axe "Idibou Wyor" {freeze, rElec rPois rCorr}
rCold   . . .        (no shield)
rNeg    . . .        a - +0 robe
rPois   +            (no helmet)
rElec   +            h - +0 cloak
rCorr   +            f - +0 pair of gloves
SInv    .            (no boots)
Will    .....        (no amulet)
Stlth   ++           m - +5 ring of evasion
HPRegen 0.26/turn    (no ring)
MPRegen 0.15/turn

%: no passive effects
@: no status effects
A: no striking features
a: no special abilities


You were on level 4 of the Dungeon.
You visited 1 branch of the dungeon, and saw 4 of its levels.
You also visited: Sewer.

You collected 258 gold pieces.

Inventory:

Hand Weapons
 A - the +0 hand axe "Idibou Wyor" (weapon) {freeze, rElec rPois rCorr}
   (You found it in a sewer)

   rElec:     It insulates you from electricity.
   rPois:     It protects you from poison rCorr: It protects you from acid and
   corrosion.
Missiles
 x - 2 atropa-tipped darts
 B - 10 poisoned darts
Armour
 a - a +0 robe (worn)
 f - a +0 pair of gloves (worn)
 h - a +0 cloak (worn)
Jewellery
 m - a +5 ring of evasion (left hand)
Talismans
 j - a granite talisman
Wands
 s - a wand of paralysis (2)
Scrolls
 c - a scroll of butterflies {unknown}
 d - 3 scrolls of vulnerability {unknown}
 g - 2 scrolls of identify {unknown}
 i - a scroll of silence {unknown}
 k - 2 scrolls of poison {unknown}
 l - a scroll of amnesia {unknown}
 n - a scroll of fear {unknown}
 p - a scroll of teleportation {unknown}
 q - a scroll of enchant weapon {unknown}
 w - a scroll of brand weapon {unknown}
 y - a scroll of revelation {unknown}
Potions
 b - 2 potions of magic
 e - a potion of enlightenment {unknown}
 o - a potion of degeneration {unknown}
 r - a potion of resistance {unknown}
 t - a potion of attraction {unknown}
 u - a potion of haste {unknown}
 v - a potion of curing {unknown}
 z - a potion of cancellation {unknown}


   Skills:
 - Level 3.0 Dodging
 - Level 3.3 Stealth
 + Level 5.6 Spellcasting
 + Level 4.4 Conjurations
 + Level 0.1 Translocations
 + Level 5.5 Earth Magic
 + Level 3.3 Alchemy
 * Level 4.1 Shapeshifting


You had 3 spell levels left.
You knew the following spells:

 Your Spells              Type           Power      Damage    Failure   Level
a - Sandblast             Erth           60%        2d14      1%          1
b - Stone Arrow           Conj/Erth      56%        3d10      3%          3
c - Petrify               Alch/Erth      25%        N/A       16%         4
d - Blink                 Tloc           12%        N/A       14%         2
e - Brom's Barrelling Bo  Conj/Erth      28%        2d5       12%         4

Your spell library contained the following spells:

 Spells                   Type           Power      Damage    Failure   Level
 Magic Dart               Conj           100%       1d8       1%          1
 Passwall                 Erth           30%        N/A       3%          3
 Call Imp                 Summ           12%        N/A       14%         2
 Fugue of the Fallen      Necr           6%         N/A       28%         3
 Ozocubu's Armour         Ice            6%         N/A       28%         3
 Manifold Assault         Tloc           6%         N/A       65%         4


Dungeon Overview and Level Annotations

Branches:
Dungeon (4/15)              Sewer (visited)
 Temple: D:4-7

Altars:
Elyvilon

Annotations:
D:4 Menkaure


Message History

You kill the dart slug!
Menkaure shrieks, "Why can't you leave me to my rest?"
Menkaure hits your boulder but does no damage.
The orc hits your boulder with a +0 flail!
Your boulder is destroyed!
Casting: Brom's Barrelling Boulder (quite dangerous; 12% risk of failure)
Confirm with . or Enter, or press ? or * to list all spells.
You can't see any susceptible monsters within range! (Use Z to cast anyway.) Menkaure gestures at you while chanting.
Pain shoots through your body!
Casting: Brom's Barrelling Boulder (quite dangerous; 12% risk of failure)
Confirm with . or Enter, or press ? or * to list all spells.
You can't see any susceptible monsters within range! (Use Z to cast anyway.) Unknown command.
Casting: Brom's Barrelling Boulder (quite dangerous; 12% risk of failure)
Confirm with . or Enter, or press ? or * to list all spells.
You can't see any susceptible monsters within range! (Use Z to cast anyway.)
Casting: Brom's Barrelling Boulder (quite dangerous; 12% risk of failure)
Confirm with . or Enter, or press ? or * to list all spells.
Aiming: Brom's Barrelling Boulder (quite dangerous; 12% risk of failure)
Press: ? - help, Dir - move target, f - Menkaure
Aim: Menkaure (heavily damaged, fast, 100% to hit)
You send a boulder barrelling forward!
Menkaure hits your boulder but does no damage.
The boulder barrels into Menkaure!
The orc is knocked back.
Menkaure is knocked back.
The boulder barrels into Menkaure!
Menkaure is heavily damaged.
The orc is knocked back.
Menkaure is knocked back.
Menkaure giggles, "These cerements are ticklish..."
Your boulder crumbles as it rolls away.
Menkaure calls on the powers of darkness!
The orc convulses!
Your body is wracked with pain!
* * * LOW HITPOINT WARNING * * *
Menkaure points at you and mumbles some strange words.
Pain shoots through your body!
* * * LOW HITPOINT WARNING * * *
Menkaure casts a spell at you. Pain shoots through your body!
You die...

# ######## #.#####.# #
# #.#####.### # #
#.#.......## ####
#.#.#####..# # ...#
######.#.# #[.# ###
...# #........#
#..####.. ...#
#........# ###....#..#
...#
#........###......>.##
...#
#....@..<.............
####
####.###.##~~.#~##.###
#.# ##.≈≈≈~~≈~.##
#.###~#≈~~≈~≈≈~≈###
#..#≈≈≈≈≈.).~≈≈≈≈#.
#M#.≈≈≈≈.~..~≈≈≈≈..
#.#o~≈≈≈~~.~~#≈≈≈~.
#.~~~~≈~≈~?~~≈≈≈≈≈~
..~~≈~≈≈~...~~~~~≈~


You could see Menkaure (fast).

Vanquished Creatures
  Sigmund (D:4)
  Eustachio (D:4)
  A crocodile (Sewer)
  A bullfrog (D:3)
  A hound (D:4)
  A bombardier beetle (D:3)
  3 jellies (D:3)
  An iguana (D:3)
  Ijyb (D:3)
  Natasha (thrice) (D:2)
  2 orc wizards (D:4)
  A hound zombie (D:2)
  5 adders
  A ribbon worm (D:4)
  8 dart slugs
  6 orcs
  A bat zombie (D:2)
  15 endoplasms
  A giant cockroach (D:1)
  6 goblins
  8 hobgoblins
  12 jackals
  6 ball pythons
  A ball python skeleton (D:2)
  5 bats
  2 frilled lizards (D:3)
  12 kobolds
  A quokka zombie (D:2)
  5 rats
112 creatures vanquished.

Vanquished Creatures (others)
  2 dart slugs (D:4)
  A boulder (D:4)
  A butterfly (D:4)
4 creatures vanquished.

Grand Total: 116 creatures vanquished

Notes
Turn   | Place    | Note
-------+----------+-------------------------------------------
     0 | D:1      | anacleto the Deep Elf Earth Elementalist began the quest
                  | for the Orb.
     0 | D:1      | Reached XP level 1. HP: 10/10 MP: 6/6
   115 | D:1      | Reached XP level 2. HP: 15/15 MP: 6/8
   587 | D:2      | Reached XP level 3. HP: 19/19 MP: 6/9
   603 | D:2      | Learned a level 3 spell: Stone Arrow
   752 | D:2      | Noticed Natasha
   760 | D:2      | Killed Natasha
   761 | D:2      | Reached XP level 4. HP: 20/24 MP: 6/11
   950 | D:2      | Noticed Natasha
   955 | D:2      | Killed Natasha
  1074 | D:2      | Noticed Natasha
  1081 | D:2      | Killed Natasha
  1082 | D:2      | Reached skill level 1 in Shapeshifting
  1203 | D:2      | Reached XP level 5. HP: 28/28 MP: 9/12
  1591 | D:3      | Learned a level 4 spell: Petrify
  1717 | D:3      | Reached skill level 1 in Alchemy
  1792 | D:3      | Reached XP level 6. HP: 32/32 MP: 8/14
  1932 | D:3      | Noticed Ijyb
  1937 | D:3      | Killed Ijyb
  2181 | D:3      | Identified the +5 scale mail of Creativity {Fly Str-4
                  | Int+5}
  3311 | D:4      | Found a glowing drain.
  3321 | Sewer    | Entered a sewer
  3447 | Sewer    | Reached XP level 7. HP: 36/36 MP: 4/16
  3534 | Sewer    | Identified the +0 hand axe "Idibou Wyor" {freeze, rElec
                  | rPois rCorr}
  3706 | D:4      | Found a white marble altar of Elyvilon.
  3758 | D:4      | Reached skill level 5 in Earth Magic
  3795 | D:4      | Noticed Sigmund
  3798 | D:4      | Noticed Eustachio
  3806 | D:4      | Killed Eustachio
  3807 | D:4      | Reached skill level 5 in Spellcasting
  3855 | D:4      | Killed Sigmund
  4024 | D:4      | Learned a level 2 spell: Blink
  4029 | D:4      | Learned a level 4 spell: Brom's Barrelling Boulder
  4343 | D:4      | Noticed Menkaure
  4364 | D:4      | Killed from afar by Menkaure

Illustrated notes

Levels and vault maps discovered:
D:1:      minmay_arrival_shattered_statue, layout_rooms, minmay_misc_feat_tower
D:2:      layout_basic, serial_undead, serial_undead_d, serial_undead_a,
          serial_undead_c, serial_undead_f, serial_undead_d, uniq_natasha
D:3:      cheibrodos_fertilizer, layout_basic, lightli_corner_chamber, uniq_ijyb
D:4:      kennysheep_slugbush, layout_basic, grunt_qazlal_clouds,
          nicolae_elyvilon_peaceful_grove, portal_sewer_entry_d, uniq_eustachio,
          uniq_menkaure, uniq_sigmund

Skill      XL: |  1  2  3  4  5  6  7 |
---------------+----------------------+-----
Stealth        | 3 |  3.3
Conjurations   | 2 3 4 |  4.4
Earth Magic    | 4 5 |  5.5
Dodging        | 3 |  3.0
Shapeshifting  | 2 3 4 |  4.1
Spellcasting   | 4 5 |  5.6
Alchemy        | 1 2 3 |  3.3
Translocations | |  0.1

Action                     |  1- 3 |  4- 6 |  7- 9 || total
---------------------------+-------+-------+-------++-------
  Melee: Hand axe          |       |       |     1 ||     1
   Cast: Sandblast         |    34 |    88 |    27 ||   149
         Stone Arrow       |       |    12 |     5 ||    17
         Brom's Barrelling |       |       |     3 ||     3
Ability: Begin Untransform |       |     1 |       ||     1
  Evoke: Wand              |       |       |     2 ||     2
 Armour: Robe              |     3 |    17 |     3 ||    23
  Dodge: Dodged            |     7 |    38 |     7 ||    52
   Form: Statue            |       |     1 |       ||     1

Table legend: (Time is in decaauts)
 A = Elapsed time spent in this place.
 B = Non-inter-level travel time spent in this place.
 C = Inter-level travel time spent in this place.
 D = Time resting spent in this place.
 E = Time spent auto-exploring this place.
 F = Levels seen in this place.
 G = Mean time per level.
                   A        B        C        D        E       F      G
               +--------+--------+--------+--------+--------+-----+--------+
         Total |   4477 |   4291 |    186 |   1043 |   2181 |   5 |  895.4 |
       Dungeon |   4201 |   4015 |    186 |    924 |   2168 |   4 | 1050.2 |
         Sewer |    275 |    275 |      0 |    119 |     13 |   1 |  275.0 |
               +--------+--------+--------+--------+--------+-----+--------+

Top non-repeatable levels by time:
     D:3: 1893 daAuts
     D:4: 914 daAuts
     D:2: 891 daAuts
     D:1: 503 daAuts
   Sewer: 275 daAuts
